 Dungeon Crawl Stone Soup version 0.16-a0-3807-g3748f16 (webtiles) character file.

367 MDvedh the Cudgeler (level 7, 0/52 HPs)
             Began as a Formicid Fighter on Jan 28, 2015.
             Slain by a worker ant (2 damage)
             ... on level 4 of the Dungeon.
             The game lasted 00:07:38 (3311 turns).

MDvedh the Cudgeler (Formicid Fighter)              Turns: 3311, Time: 00:07:38

Health: 0/52       AC:  4    Str: 21    XL:     7   Next: 1%
Magic:  9/9        EV:  7    Int: 10    God:
Gold:   124        SH:  9    Dex: 12    Spells: 0 memorised, 6 levels left

rFire  . . .     SeeInvis +     j - +4 whip
rCold  . . .     Clarity  .     b - +1 scale mail
rNeg   . . .     SustAb   .     c - +0 shield
rPois  .         Gourm    .     (helmet unavailable)
rElec  .         Spirit   .     (no cloak)
rCorr  .         Warding  .     (no gloves)
rMut   .         Stasis   +     (no boots)
MR     .....                    (no amulet)
Stlth  ..........               (no ring)
                                m - +3 ring of intelligence

@: lethally poisoned, not resistant to hostile enchantments, extremely
unstealthy
A: permanent stasis, dig shafts and tunnels, four strong arms, antennae 3,
deformed body
a: Dig, Shaft Self


You were on level 4 of the Dungeon.
You were not hungry.

You visited 1 branch of the dungeon, and saw 4 of its levels.

You collected 124 gold pieces.

Inventory:

Hand weapons
 a - a +0 flail
 j - a +4 whip (weapon)
Armour
 b - a +1 scale mail (worn)
 c - a +0 shield (worn)
Jewellery
 m - a +3 ring of intelligence (left hand)
Scrolls
 e - a scroll of remove curse
 g - a scroll of enchant armour
Comestibles
 d - 2 bread rations
 f - a chunk of flesh
 h - 2 meat rations
 i - a slice of pizza


   Skills:
 - Level 3.2 Fighting
 + Level 6.9 Maces & Flails
 - Level 3.2 Armour
 - Level 3.6 Shields


You had 6 spell levels left.
You didn't know any spells.

Dungeon Overview and Level Annotations

Branches:
Dungeon (4/15)
 Temple: D:4-7

Altars:
Ashenzari
Fedhas
Qazlal
Sif Muna
The Shining One


Innate Abilities, Weirdness & Mutations

You are under a permanent stasis effect.
You can dig through walls and to a lower floor.
Your four strong arms can wield two-handed weapons with a shield.
You have a pair of large antennae on your head (SInv).
Armour fits poorly on your strangely shaped body.


Message History

Unknown command.
You hit the worker ant but do no damage.
The worker ant is severely wounded.
You feel sick. The worker ant barely misses you.
Unknown command.
You barely miss the worker ant.
The worker ant is severely wounded.
The worker ant bites you.
* * * LOW HITPOINT WARNING * * *
Unknown command.
You completely miss the worker ant.
The worker ant is severely wounded.
* * * LOW HITPOINT WARNING * * *
You feel sick. You block the worker ant's attack.
Unknown command.
You aren't carrying any potions.
You hit the worker ant.
The worker ant is almost dead.
The worker ant bites you.
You die...

......##.##>...............
.......##...................
........##..#.#.#............
........$##..#.#.#............
.........##..#.#....##########
#........##..#......#
#........##....(....#
#.........)(#(.....# ######
#.......†)<)@a.....+ .......
####.#'#.)<.#.#....# ###.##
...#)).#..#.#....# #...
.......)#.#..#.##...# #...
.......#.#.##.#.....# ###...
.....#.#......#..<..# #.....
.....'.(......#.....# #.#...
... #........+.....# #..... .
##.....=.#.....# ###..(


You could see a worker ant.

Vanquished Creatures
  The ghost of smajdalf the Cudgeler, an average OgHu (D:3)
  An orc wizard (D:4)
  A hound (D:3)
  2 worker ants
  Robin (D:4)
  3 adders (D:2)
  4 gnolls (D:4)
  A worm (D:2)
  6 orcs
  A ball python (D:3)
  7 bats
  2 giant cockroaches (D:2)
  9 hobgoblins
  3 jackals (D:1)
  7 kobolds
  3 quokkas (D:2)
  8 giant geckos
  A giant newt (D:1)
  16 goblins
  8 rats
85 creatures vanquished.

Notes
Turn   | Place    | Note
--------------------------------------------------------------
     0 | D:1      | MDvedh, the Formicid Fighter, began the quest for the Orb.
     0 | D:1      | Reached XP level 1. HP: 18/18 MP: 1/1
   345 | D:1      | Reached XP level 2. HP: 24/24 MP: 3/3
   617 | D:1      | Reached XP level 3. HP: 26/29 MP: 4/4
  1055 | D:2      | Reached skill level 4 in Maces & Flails
  1055 | D:2      | Reached XP level 4. HP: 26/35 MP: 5/5
  1323 | D:2      | Found a shattered altar of Ashenzari.
  1639 | D:3      | Noticed smajdalf's ghost (average OgHu)
  1665 | D:3      | Killed smajdalf's ghost
  1665 | D:3      | Reached skill level 5 in Maces & Flails
  1665 | D:3      | Reached XP level 5. HP: 30/41 MP: 7/7
  2040 | D:3      | Found a stormy altar of Qazlal.
  2041 | D:3      | Found a blossoming altar of Fedhas.
  2123 | D:3      | Found a deep blue altar of Sif Muna.
  2223 | D:3      | Found a blossoming altar of Fedhas.
  2316 | D:3      | Found a glowing golden altar of the Shining One.
  2397 | D:3      | Reached XP level 6. HP: 47/47 MP: 8/8
  2404 | D:4      | Reached skill level 6 in Maces & Flails
  2444 | D:4      | Noticed Robin
  2744 | D:3      | Gained mutation: You are agile. (Dex +2) [potion of mutation]
  2744 | D:3      | Gained mutation: Armour fits poorly on your strangely shaped body. [potion of mutation]
  2744 | D:3      | Lost mutation: You are agile. (Dex +2) [potion of mutation]
  2954 | D:4      | Killed Robin
  3260 | D:4      | Reached XP level 7. HP: 11/52 MP: 9/9
  3310 | D:4      | HP: 2/52 [poisoned by a worker ant]
  3311 | D:4      | Slain by a worker ant

Action                   |  1- 3 |  4- 6 |  7- 9 || total
-------------------------+-------+-------+-------++-------
Melee: Flail             |    90 |   204 |       ||   294
       Whip              |       |       |    13 ||    13
  Use: Potion            |       |     4 |       ||     4
       Scroll            |       |     7 |       ||     7
  Eat: Chunk             |     1 |     7 |       ||     8
